 Dungeon Crawl Stone Soup version 0.23.2-1-ga50397a (webtiles) character file.

Game seed: 408550925588223180

11130 Borgoz the Carver (level 11, -5/60 HPs)
             Began as a Gargoyle Berserker on May 26, 2019.
             Was a High Priest of Trog.
             Killed from afar by an orc (8 damage)
             ... with a wand of acid (4)
             ... on level 11 of the Dungeon.
             The game lasted 00:22:11 (11050 turns).

Borgoz the Carver (Gargoyle Berserker)             Turns: 11050, Time: 00:22:12

Health: -5/60      AC: 29    Str: 21    XL:     11   Next: 72%
Magic:  3/3        EV:  6    Int:  8    God:    Trog [*****.]
Gold:   732        SH:  0    Dex: 12    Spells: 10/10 levels left

rFire    . . .     SeeInvis .   a - +4 great sword (antimagic)
rCold    . . .     Gourm    .   (shield currently unavailable)
rNeg     + . .     Faith    .   e - +0 chain mail
rPois    ∞         Spirit   .   A - +2 hat
rElec    +         Reflect  .   K - +1 cloak
rCorr    .         Harm     .   h - +0 pair of gloves
MR       ++...                  t - +0 pair of boots
Stlth    ..........             H - amulet of regeneration
HPRegen  1.60/turn              u - +2 ring of protection
MPRegen  0.08/turn              (no ring)

@: berserk cooldown, held, regenerating
A: negative energy resistance 1, electricity resistance, unbreathing,
petrification resistance, rot immunity, AC +8
a: Berserk, Trog's Hand, Brothers in Arms, Renounce Religion


You were on level 11 of the Dungeon.
You worshipped Trog.
Trog was extremely pleased with you.
You were near starving.

You visited 2 branches of the dungeon, and saw 12 of its levels.
You also visited: Ossuary.

You collected 732 gold pieces.

Inventory:

Hand Weapons
 a - a +4 antimagic great sword (weapon)
 b - a +1 dagger of venom
Missiles
 F - a throwing net (quivered)
Armour
 e - a +0 chain mail (worn)
 h - a +0 pair of gloves (worn)
 t - a +0 pair of boots (worn)
 A - a +2 hat (worn)
 C - +0 steam dragon scales
 K - a +1 cloak (worn)
Jewellery
 d - an uncursed ring of positive energy {unknown}
 u - a +2 ring of protection (left hand)
 H - an amulet of regeneration (around neck)
Wands
 j - a wand of iceblast (13)
 y - a wand of digging (8)
 E - a wand of enslavement (7)
 J - a wand of random effects (4)
 M - a wand of scattershot (9)
Scrolls
 g - 2 scrolls of enchant weapon
 i - 6 scrolls of remove curse
 q - a scroll of blinking
 r - 6 scrolls of fear
 s - 3 scrolls of magic mapping
 w - a scroll of immolation
 D - 8 scrolls of teleportation
Potions
 f - 2 potions of brilliance
 k - 5 potions of haste
 l - a potion of invisibility
 m - a potion of might
 n - 3 potions of lignification
 o - 2 potions of flight {unknown}
 p - 2 potions of curing {unknown}
 v - a potion of resistance
 x - 3 potions of heal wounds
 z - 2 potions of cancellation {unknown}
 B - 2 potions of mutation
 G - a potion of degeneration {unknown}
 L - a potion of agility {unknown}
Comestibles
 c - 17 rations


   Skills:
 - Level 3.3 Fighting
 * Level 12.0 Long Blades
 + Level 10.2 Armour
 + Level 7.9 Dodging


You had 10 spell levels left.
You didn't know any spells.
Your spell library was empty.

Dungeon Overview and Level Annotations

Branches:
Dungeon (11/15)            Temple (1/1) D:7            Lair (0/6) D:8
    Orc: D:9-12

Altars:
Ashenzari
Cheibriados
Dithmenos
Elyvilon
Fedhas
Gozag
Hepliaklqana
Kikubaaqudgha
Makhleb
Nemelex Xobeh
Okawaru
Qazlal
Ru
Sif Muna
Trog
Uskayaw
Vehumet
Wu Jian
Xom
Yredelemnul
Zin
The Shining One

Shops:
D:5 }

Portals:
Gauntlet: D:11


Innate Abilities, Weirdness & Mutations

You are resistant to torment.
Your stone body is resilient. (AC +8)
You are immune to poison.
You resist negative energy. (rN+)
You are resistant to electric shocks. (rElec)
You can survive without breathing.
You are immune to petrification.
You are immune to rotting.


Message History

The human hits you but does no damage.
The orc wizard points at you and mumbles some strange words.
The magic dart hits you but does no damage.
You tear a large gash into the net.
The orc priest invokes the aid of Beogh against you.
Beogh smites you!
The orc zaps a wand.
The bolt of acid hits you.
You are splashed with acid!
* * * LOW HITPOINT WARNING * * *
The orc hits you but does no damage. The orc wizard barely misses you.
You riposte.
You slash the orc wizard!
You kill the orc wizard!
Trog accepts your kill.
Trog appreciates your killing of a magic user.
The human hits you but does no damage.
You struggle against the net.
The orc priest invokes the aid of Beogh against you.
Beogh smites you!
* * * LOW HITPOINT WARNING * * *
The orc zaps a wand.
The bolt of acid hits you!
You die...

....... ..#######..####
....... ...........#
..o.....##...####....###
........##..# ##.....#
............# #....##
............# #....#
.(....o)....# #....##
........po..## #.....##
........@o...## ##.......
........).)...###...#####
.........)..#..#..###
............#.)..##
##.###.######..†## .. ...
##...# # ##.# #....# ..
#......# #.# ...###.....


You could see a human, an orc priest and 3 orcs.

Vanquished Creatures
  A catoblepas (D:10)
  A two-headed ogre (D:10)
  A manticore (D:10)
  A centaur zombie (D:10)
  Psyche (D:8)
  2 centaur skeletons (D:10)
  A merfolk (D:9)
  2 trolls
  Prince Ribbit (D:7)
  A queen bee (D:10)
  A hungry ghost (D:11)
  A wyvern (D:9)
  A steam dragon (D:7)
  A warg (D:11)
  Duvessa (D:6)
  A water moccasin (D:11)
  A porcupine (D:8)
  2 black bears (D:8)
  5 orc warriors
  A phantom (D:8)
  2 sky beasts (D:10)
  4 wolves (D:8)
  2 centaurs (D:7)
  4 ogres
  4 crocodiles
  5 bullfrogs
  Dowan (D:6)
  10 scorpions
  29 killer bees
  7 howler monkeys
  3 crimson imps
  2 bullfrog zombies
  3 quasits
  A human zombie (Ossuary)
  2 bullfrog skeletons
  7 hounds
  A jelly (D:11)
  6 orc priests
  13 orc wizards
  Crazy Yiuf (D:3)
  10 iguanas
  7 worker ants
  A big kobold zombie (Ossuary)
  A howler monkey zombie (D:8)
  3 mummies (Ossuary)
  14 adders
  4 scorpion zombies (Ossuary)
  2 shadow imps
  An ooze (D:2)
  An adder zombie (D:9)
  4 adder skeletons
  3 worms
  A dart slug (D:1)
  4 leopard geckos
  33 orcs
  A ball python (D:5)
  7 giant cockroaches
  11 goblins
  8 hobgoblins
  12 jackals
  5 quokkas
  3 bats
  3 frilled lizards
  4 gnoll zombies (Ossuary)
  2 goblin zombies (Ossuary)
  4 hobgoblin zombies (Ossuary)
  4 kobolds
  3 kobold zombies (Ossuary)
  3 orc zombies (Ossuary)
  8 rats
  A bush (D:3)
  2 plants (D:3)
304 creatures vanquished.

Vanquished Creatures (others)
  2 scorpions (Ossuary)
2 creatures vanquished.

Grand Total: 306 creatures vanquished

Notes
Turn   | Place    | Note
-------+----------+-------------------------------------------
     0 | D:1      | Borgoz the Gargoyle Berserker began the quest for the Orb.
     0 | D:1      | Reached XP level 1. HP: 14/14 MP: 1/1
    60 | D:1      | Reached XP level 2. HP: 19/19 MP: 2/2
   194 | D:1      | Reached skill level 3 in Long Blades
   691 | D:2      | Reached XP level 3. HP: 20/23 MP: 3/3
   735 | D:2      | Reached ** piety under Trog
  1093 | D:2      | Reached XP level 4. HP: 27/28 MP: 4/4
  1829 | D:3      | Reached skill level 4 in Long Blades
  1829 | D:3      | Reached XP level 5. HP: 27/32 MP: 5/5
  2015 | D:3      | Reached *** piety under Trog
  2610 | D:3      | Found a runed translucent door.
  2611 | D:3      | Noticed Crazy Yiuf
  2841 | D:3      | Killed Crazy Yiuf
  2841 | D:3      | Reached XP level 6. HP: 37/37 MP: 6/6
  2930 | D:4      | Found a sand-covered staircase.
  3073 | D:4      | Reached skill level 5 in Long Blades
  3108 | Ossuary  | Entered an ossuary
  3242 | Ossuary  | Reached XP level 7. HP: 31/41 MP: 7/7
  3915 | Ossuary  | Reached skill level 6 in Long Blades
  3915 | Ossuary  | Reached skill level 5 in Armour
  4119 | Ossuary  | Reached XP level 8. HP: 29/46 MP: 8/8
  4546 | D:4      | Reached **** piety under Trog
  4832 | D:5      | Entered Level 5 of the Dungeon
  4846 | D:5      | Found Hoirph's Gadget Boutique.
  4893 | D:5      | Reached skill level 7 in Long Blades
  5691 | D:6      | Reached XP level 9. HP: 50/51 MP: 9/9
  5783 | D:6      | Reached skill level 5 in Dodging
  5829 | D:6      | Noticed Duvessa
  5829 | D:6      | Noticed Dowan
  5856 | D:6      | Killed Duvessa
  5856 | D:6      | Reached skill level 8 in Long Blades
  5857 | D:6      | Killed Dowan
  6215 | D:7      | Noticed Prince Ribbit
  6256 | D:7      | Killed Prince Ribbit
  6542 | D:7      | Found a staircase to the Ecumenical Temple.
  6655 | Temple   | Entered the Ecumenical Temple
  6953 | D:7      | You fall through a shaft for 2 floors!
  7009 | D:9      | Noticed a merfolk
  7037 | D:9      | Killed a merfolk
  7439 | D:9      | Reached skill level 9 in Long Blades
  7833 | D:9      | Reached ***** piety under Trog
  7871 | D:9      | Found a shattered altar of Ashenzari.
  7917 | D:8      | Reached XP level 10. HP: 49/56 MP: 10/10
  8857 | D:8      | Reached skill level 10 in Long Blades
  8907 | D:8      | Found a staircase to the Lair.
  8924 | D:8      | Noticed Psyche
  8950 | D:8      | Killed Psyche
  9126 | D:8      | Received a gift from Trog
  9383 | D:8      | Found a glowing golden altar of the Shining One.
  9598 | D:9      | Found a shimmering altar of Xom.
  9602 | D:9      | Found an iron altar of Okawaru.
  9603 | D:9      | Found a shadowy altar of Dithmenos.
  9604 | D:9      | Found a burning altar of Makhleb.
  9606 | D:9      | Found an opulent altar of Gozag.
  9738 | D:10     | Entered Level 10 of the Dungeon
  9817 | D:10     | Noticed a two-headed ogre
  9845 | D:10     | Killed a two-headed ogre
  9845 | D:10     | Reached skill level 11 in Long Blades
  9845 | D:10     | Reached XP level 11. HP: 9/60 MP: 3/11
 10059 | D:10     | Noticed a manticore
 10060 | D:10     | Noticed a catoblepas
 10071 | D:10     | Killed a manticore
 10088 | D:10     | Killed a catoblepas
 10364 | D:10     | Reached skill level 10 in Armour
 10935 | D:11     | Found a gate leading to a gauntlet.
 11047 | D:11     | Reached skill level 12 in Long Blades
 11050 | D:11     | HP: 3/60 [orc priest/divine providence (12)]
 11050 | D:11     | Killed from afar by an orc

Skill      XL: |  1  2  3  4  5  6  7  8  9 10 11 |
---------------+----------------------------------+-----
Long Blades    | 3 4 5 6 7 9 11 12 | 12.0
Dodging        | 2 3 4 5 7 |  7.9
Armour         | 3 4 5 6 7 9 10 | 10.2
Fighting       | |  3.3

Action                   |  1- 3 |  4- 6 |  7- 9 | 10-12 || total
-------------------------+-------+-------+-------+-------++-------
Melee: Falchion          |   128 |   469 |   829 |   317 ||  1743
       Dagger            |       |       |    21 |       ||    21
       Great sword       |       |       |       |   328 ||   328
Invok: Berserk           |       |     2 |     5 |     2 ||     9
       Trog's Hand       |       |       |     3 |     3 ||     6
Evoke: Wand              |       |       |     1 |    10 ||    11
  Use: Scroll            |       |     6 |     4 |     8 ||    18
       Potion            |       |       |     2 |     1 ||     3
  Eat: Chunk             |     1 |    10 |    16 |    13 ||    40
       Ration            |       |       |     2 |     1 ||     3
Armor: Chain mail        |    89 |   175 |   693 |   678 ||  1635
Dodge: Dodged            |    58 |   112 |   447 |   533 ||  1150
       Rpst.: Falchion   |    14 |    27 |   119 |    51 ||   211
       Great sword       |       |       |       |   113 ||   113
